 Dungeon Crawl Stone Soup version 0.29.1-2-gbd0b4ee654 (webtiles) character file.

Game seed: 14020169605915803562

7 xian the Chiller (level 1, 0/13 HPs)
             Began as a Demonspawn Ice Elementalist on Nov 29, 2022.
             Slain by a jackal (2 damage)
             ... on level 1 of the Dungeon.
             The game lasted 00:00:58 (372 turns).

xian the Chiller (Demonspawn Ice Elementalist)       Turns: 372, Time: 00:00:59

Health: 0/13       AC:  2    Str:  8    XL:     1   Next: 91%
Magic:  1/3        EV: 12    Int: 16    God:
Gold:   18         SH:  0    Dex: 13    Spells: 3/4 levels left

rFire   . . .      SeeInvis .   (no weapon)
rCold   . . .      Faith    .   (no shield)
rNeg    . . .      Spirit   .   a - +0 robe
rPois   .          Reflect  .   (no helmet)
rElec   .          Harm     .   (no cloak)
rCorr   .          Rampage  .   (no gloves)
Will    .....                   (no boots)
Stlth   ++........              (no amulet)
HPRegen 0.04/turn               (no ring)
MPRegen 0.08/turn               (no ring)

@: no status effects
A: no striking features
a: no special abilities


You were on level 1 of the Dungeon.
You visited 1 branch of the dungeon, and saw 2 of its levels.

You collected 18 gold pieces.

Inventory:

Armour
 a - a +0 robe (worn)
 c - a +0 chain mail
Potions
 b - a potion of magic


   Skills:
 + Level 1.8 Dodging
 + Level 1.8 Stealth
 + Level 2.0 Spellcasting
 + Level 3.9 Ice Magic


You had 3 spell levels left.
You knew the following spells:

 Your Spells              Type           Power      Damage    Failure   Level
a - Freeze                Ice            56%        1d7       4%          1

Your spell library contained the following spells:

 Spells                   Type           Power      Damage    Failure   Level
 Frozen Ramparts          Ice            28%        1d5       12%         3
 Ozocubu's Armour         Ice            14%        N/A       12%         3
 Hailstorm                Conj/Ice       7%         3d4       67%         4


Dungeon Overview and Level Annotations

Branches:
Dungeon (2/15)

Altars:

Shops:
D:1 [


Message History

You miss the frilled lizard.
The frilled lizard is heavily wounded.
The jackal barks!
The jackal bites you but does no damage.
The jackal bites you.
The frilled lizard bites you but does no damage.
Unknown command.
You freeze the frilled lizard.
You kill the frilled lizard!
The jackal barely misses you.
You freeze the jackal.
The jackal is lightly wounded.
The jackal barely misses you.
You are out of magic!
You are out of magic!
You are out of magic!
Unknown command.
The jackal barely misses you.
The jackal bites you but does no damage.
The jackal barely misses you. The jackal closely misses you.
The jackal misses you.
You see here 18 gold pieces.
You now have 18 gold pieces.
The jackal bites you. The jackal barely misses you.
The jackal closely misses you. x2
The jackal attacks as you move away! The jackal barely misses you.
The jackal attacks as you move away! The jackal barely misses you.
The jackal attacks as you move away! The jackal closely misses you.
There is a stone staircase leading down here.
The jackal closely misses you. The jackal bites you.
The jackal barely misses you.
You climb downwards.
Found a scroll labelled PEGOHA JEGANA.
There is a stone staircase leading up here.
The jackal barely misses you.
You climb upwards.
The jackal bites you.
* * * LOW HITPOINT WARNING * * *
The jackal bites you but does no damage.
There is a stone staircase leading down, spattered with blood here.
The jackal closely misses you. The jackal bites you.
You die...

########## #>@.......
##hh####### #.........
#......### #..###.... #..#
###. #########..#########
#...................
#......##..#.###############


You could see 2 jackals.

Vanquished Creatures
  2 dart slugs (D:1)
  An endoplasm (D:1)
  A frilled lizard (D:1)
4 creatures vanquished.

Notes
Turn   | Place    | Note
-------+----------+-------------------------------------------
     0 | D:1      | xian the Demonspawn Ice Elementalist began the quest for
                  | the Orb.
     0 | D:1      | Reached XP level 1. HP: 13/13 MP: 3/3
    11 | D:1      | Found Camuyff's Armour Emporium.
   372 | D:1      | Slain by a jackal

Illustrated notes

Levels and vault maps discovered:
D:1:      roderic_crop_circles_arrival_small, layout_basic,
          shapermc_ecumenical_altar_flowoftime, serial_shops,
          nicolae_diamond_shop, shop, shop, shop_statue
D:2:      layout_basic

Action                   || total
-------------------------++-------
Melee: Unarmed           ||     5
 Cast: Freeze            ||    10
 Stab: Sleeping          ||     1
Armor: Robe              ||     8
Dodge: Dodged            ||    19
